 Dungeon Crawl Stone Soup version 0.29-a0-732-g3d7fbe0af2 (webtiles) character file.

Game seed: 5156854755358012750

185 loir the Magician (level 5, 0/39 HPs)
             Began as a Djinni Fire Elementalist on June 29, 2022.
             Slain by Crazy Yiuf
             ... wielding a +3 quarterstaff of chaos
              (14 damage)
             ... while paralysed by Crazy Yiuf
             ... on level 3 of the Dungeon.
             The game lasted 00:13:29 (3765 turns).

loir the Magician (Djinni Fire Elementalist)        Turns: 3765, Time: 00:13:30

Health: 0/39       AC:  6    Str:  7    XL:     5   Next: 96%
Gold:   137        EV:  2    Int: 18    God:
                   SH:  0    Dex: 14

rFire   + + +      SeeInvis .   (no weapon)
rCold   . . .      Faith    .   (no shield)
rNeg    . . .      Spirit   .   b - +1 robe {rC+ rF+}
rPois   ∞          Reflect  .   (no helmet)
rElec   .          Harm     .   l - +2 cloak
rCorr   .          Rampage  .   (no gloves)
Will    .....                   (boots unavailable)
Stlth   ++........              (no amulet)
HPRegen 0.13/turn               (no ring)
MPRegen 0.00/turn               (no ring)

@: paralysed, flying
A: sickness immunity, fire resistance 2, cold vulnerability 1, float, innate
caster, HP casting, extra vitality 1
a: no special abilities


You were on level 3 of the Dungeon.
You visited 1 branch of the dungeon, and saw 3 of its levels.

You collected 137 gold pieces.

Inventory:

Missiles
 d - 20 stones
Armour
 b - a +1 robe of resistance (worn)
 l - a +2 cloak (worn)
Wands
 f - a wand of digging (4)
Scrolls
 g - a scroll of blinking {unknown}
 h - a scroll of noise {unknown}
 j - a scroll of brand weapon {unknown}
 k - a scroll of enchant weapon
Potions
 a - a potion of mutation
 c - a potion of brilliance
 e - a potion of magic
 i - a potion of attraction {unknown}


   Skills:
 + Level 2.4 Fighting
 - Level 2.5 Dodging
 - Level 2.0 Stealth
 * Level 4.0 Spellcasting


You couldn't memorise any spells.
You knew the following spells:

 Your Spells              Type           Power      Damage    Failure   Level
a - Foxfire               Conj/Fire      72%        2x1d7     2%          1
b - Scorch                Fire           36%        2d7       4%          2
c - Conjure Flame         Conj/Fire      18%        6-21      9%          3
d - Inner Flame           Hex/Fire       18%        N/A       9%          3
e - Flame Wave            Conj/Fire      18%        2d6       28%         4
f - Magic Dart            Conj           72%        1d6       2%          1
g - Static Discharge      Conj/Air       18%        N/A       4%          2
Your spell library was empty.

Dungeon Overview and Level Annotations

Branches:
Dungeon (3/15)

Altars:
Elyvilon

Annotations:
D:3 3 runed translucent doors, Crazy Yiuf; MrPoopyBoutHole's ghost, amateur FoFi


Innate Abilities, Weirdness & Mutations

You are immune to sickness and miasma.
You are immune to poison.
Your flesh is very heat resistant. (rF++)
You are vulnerable to cold. (rC-)
You float through the air rather than walking.
You learn spells naturally, not from books.
Your magical power is your life essence.
You have superior vitality. (+4 MHP)


Message History

Flames lash the hobgoblin.
You kill the hobgoblin!
Casting: Scorch (safe; 4% risk of failure)
Confirm with . or Enter, or press ? or * to list all spells.
Flames lash the quokka.
The quokka is almost dead.
The quokka's fire resistance burns away.
Casting: Scorch (safe; 4% risk of failure)
Confirm with . or Enter, or press ? or * to list all spells.
Flames lash the quokka.
The quokka is burned terribly!
You kill the quokka!
Your magical contamination has completely faded away.
You see here a quokka corpse.
You now have 119 gold pieces (gained 3).
You now have 137 gold pieces (gained 18).
The kobold shouts! x3; You hear a shout! x2
The kobold shouts! x2
MrPoopyBoutHole's ghost turns its malevolent gaze towards you.
The kobold shouts!
The kobold shouts!
Found two hammers.
Found a hammer.
You see here a +0 hammer.
Found a hammer.
Found a runed translucent door.
Crazy Yiuf shouts!
You reach down and open the door.
Casting: Scorch (safe; 4% risk of failure)
Confirm with . or Enter, or press ? or * to list all spells.
Flames lash Crazy Yiuf.
Crazy Yiuf is lightly wounded.
Crazy Yiuf's fire resistance burns away.
Crazy Yiuf hits you with a +3 quarterstaff of chaos!
Casting: Scorch (safe; 4% risk of failure)
Confirm with . or Enter, or press ? or * to list all spells.
Flames lash Crazy Yiuf.
Crazy Yiuf is burned terribly!
Crazy Yiuf is heavily wounded.
Crazy Yiuf hits you with a +3 quarterstaff of chaos!
You suddenly lose the ability to move!
Crazy Yiuf hits you with a +3 quarterstaff of chaos!
You die...

#.....###.........##.####.#
###..## ##........##.# #.#
#.#.###.#.......##.# #.#
#.##.############### #.##
#.#### #.#.## #.# #.###.##
#.# ### ♣♣#### ##.## #.#
#)..#♣♣ ♣♣..#.## ##.. ###
#.# #...g@♣♣♣♣.)....###...
..###†####
#...#♣..♣.....).##....
#........# ###
♣♣♣.♣..)##...##..
..#.##...# ♣♣♣♣♣####.####.
###.# .### ### #. #.# .#
### #. #.# .#
#.###.########## #.
###.##.# ..#...#........#
#. .......#
###.#.###.######.# #.


You could see Crazy Yiuf (combustible).

Vanquished Creatures
  A phantom (D:3)
  Ijyb (D:3)
  3 adders
  A worm (D:3)
  An orc (D:3)
  2 endoplasms (D:1)
  4 giant cockroaches
  3 goblins
  3 hobgoblins
  8 jackals
  3 quokkas
  7 ball pythons
  5 bats
  3 frilled lizards (D:2)
  3 kobolds
  4 rats
52 creatures vanquished.

Vanquished Creatures (collateral kills)
  4 foxfires (D:2)
4 creatures vanquished.

Vanquished Creatures (others)
  170 foxfires
  A fungus (D:3)
  4 plants
175 creatures vanquished.

Grand Total: 231 creatures vanquished

Notes
Turn   | Place    | Note
-------+----------+-------------------------------------------
     0 | D:1      | loir the Djinni Fire Elementalist began the quest for the
                  | Orb.
     0 | D:1      | loir set off with the following spells memorised: Foxfire,
                  | Scorch, Conjure Flame, Inner Flame, Flame Wave.
     0 | D:1      | Reached XP level 1. HP: 15/15 MP: 0/0
   413 | D:1      | Reached XP level 2. HP: 13/21 MP: 0/0
  1345 | D:2      | Reached XP level 3. HP: 21/26 MP: 0/0
  1345 | D:2      | Learned a level 1 spell: Magic Dart
  1426 | D:2      | Found a faded altar of an unknown god.
  1436 | D:2      | Reached skill level 1 in Fighting
  1436 | D:2      | Reached skill level 3 in Spellcasting
  1681 | D:2      | Found a white marble altar of Elyvilon.
  1690 | D:2      | Reached XP level 4. HP: 21/32 MP: 0/0
  2681 | D:3      | Noticed Ijyb
  2689 | D:3      | Killed Ijyb
  2691 | D:3      | Noticed a phantom
  2694 | D:3      | Killed a phantom
  2695 | D:3      | Reached XP level 5. HP: 5/38 MP: 0/0
  2695 | D:3      | Learned a level 2 spell: Static Discharge
  2976 | D:3      | Found a runed translucent gate.
  2979 | D:3      | Noticed a kobold brigand
  2981 | D:3      | Found a runed translucent gate.
  2981 | D:3      | Found a runed translucent gate.
  2986 | D:3      | Noticed MrPoopyBoutHole's ghost (amateur FoFi)
  3434 | D:3      | Reached skill level 4 in Spellcasting
  3758 | D:3      | Found a runed translucent door.
  3759 | D:3      | Noticed Crazy Yiuf
  3764 | D:3      | Paralysed by Crazy Yiuf for 3 turns
  3765 | D:3      | Slain by Crazy Yiuf

Illustrated notes

Levels and vault maps discovered:
D:1:      saegor_arrival_under_anarchy, layout_rooms
D:2:      layout_basic, basic_altar, shapermc_ecumenical_altar_gd,
          lightli_corner_chamber
D:3:      layout_loops_ring, nicolae_overflow_hidden_temple,
          gammafunk_ghost_nasty_kobolds, kennysheep_potato,
          uniq_crazy_yiuf_cottage, uniq_ijyb

Skill      XL: |  1  2  3  4  5 |
---------------+----------------+-----
Stealth        | 2 |  2.0
Fighting       | 1 2 |  2.4
Spellcasting   | 3 4 |  4.0
Dodging        | |  2.5

Action                   |  1- 3 |  4- 6 || total
-------------------------+-------+-------++-------
 Cast: Foxfire           |    63 |    45 ||   108
       Scorch            |     6 |    23 ||    29
  Use: Scroll            |     4 |     5 ||     9
Armor: Robe              |     3 |     1 ||     4
Dodge: Dodged            |     9 |     4 ||    13

Table legend: (Time is in decaauts)
 A = Elapsed time spent in this place.
 B = Non-inter-level travel time spent in this place.
 C = Inter-level travel time spent in this place.
 D = Time resting spent in this place.
 E = Time spent auto-exploring this place.
 F = Levels seen in this place.
 G = Mean time per level.
                   A        B        C        D        E       F      G
               +--------+--------+--------+--------+--------+-----+--------+
         Total |   3764 |   3705 |     59 |    271 |   3081 |   3 | 1254.7 |
       Dungeon |   3764 |   3705 |     59 |    271 |   3081 |   3 | 1254.7 |
               +--------+--------+--------+--------+--------+-----+--------+

Top non-repeatable levels by time:
     D:2: 1501 daAuts
     D:3: 1258 daAuts
     D:1: 1004 daAuts
